 Dungeon Crawl Stone Soup version 0.30-a0-6-g7c9e10e132 (webtiles) character file.

Game seed: 15475278543443277795

20 drugrobin the Sneak (level 2, 0/25 HPs)
             Began as a Demigod Delver on Aug 22, 2022.
             Slain by a goblin
             ... wielding a +0 club
              (3 damage)
             ... on level 3 of the Dungeon.
             The game lasted 00:01:01 (176 turns).

drugrobin the Sneak (Demigod Delver)                 Turns: 176, Time: 00:01:02

Health: 0/25       AC:  3    Str: 13    XL:     2   Next: 42%
Magic:  4/4        EV: 12    Int: 12    God:
Gold:   13         SH:  0    Dex: 15    Spells: 1/1 levels left

rFire   . . .      SeeInvis .    a - +0 short sword
rCold   . . .      Faith    .    (no shield)
rNeg    . . .      Spirit   .    b - +0 leather armour
rPois   .          Reflect  .    (no helmet)
rElec   .          Harm     .    (no cloak)
rCorr   .          Rampage  .    (no gloves)
Will    .....                    (no boots)
Stlth   +++.......               (no amulet)
HPRegen 0.08/turn                (no ring)
MPRegen 0.09/turn                (no ring)

@: no status effects
A: high MP 1, forlorn, divine attributes
a: no special abilities


You were on level 3 of the Dungeon.
You visited 1 branch of the dungeon, and saw 3 of its levels.

You collected 13 gold pieces.

Inventory:

Hand Weapons
 a - a +0 short sword (weapon)
Armour
 b - a +0 leather armour (worn)
 h - a +0 scale mail
Wands
 g - a wand of digging (3)
Scrolls
 c - a scroll of fog
 d - a scroll of magic mapping
Potions
 e - a potion of heal wounds
 f - a potion of haste


   Skills:
 + Level 2.9 Fighting
 + Level 2.1 Short Blades
 + Level 2.1 Dodging
 + Level 4.7 Stealth


You had one spell level left.
You didn't know any spells.
Your spell library was empty.

Dungeon Overview and Level Annotations

Branches:
Dungeon (5/15)
 Temple: D:4-7

Annotations:
D:3 Dowan, Duvessa


Innate Abilities, Weirdness & Mutations

You have an increased reservoir of magic. (+10% MP)
You shall have no god before yourself.
Your divine heritage dramatically boosts your attributes as you level up.


Message History

The adder attacks as you move away! The adder bites you but does no damage.
The adder misses you.
You hit the adder but do no damage. The adder bites you.
You closely miss the adder. The adder bites you but does no damage.
You hit the adder.
The adder is lightly wounded.
The adder closely misses you. The adder bites you.
You hit the adder.
The adder is heavily wounded.
The adder closely misses you.
You hit the adder.
The adder is severely wounded.
The adder bites you but does no damage.
You closely miss the adder.
The adder is severely wounded.
The adder closely misses you.
You hit the adder.
The adder is almost dead.
The adder bites you.
You are poisoned.
The adder poisons you! The adder bites you but does no damage.
You hit the adder.
You kill the adder!
You feel sick.
You barely miss the goblin.
The goblin is moderately wounded.
You feel sick. The goblin closely misses you.
You hit the goblin but do no damage.
The goblin is moderately wounded.
You feel sick. The goblin closely misses you.
You miss the goblin.
The goblin is moderately wounded.
You feel sick. The goblin hits you with a +0 club.
* * * LOW HITPOINT WARNING * * *
You barely miss the goblin.
The goblin is moderately wounded.
You feel sick.
You are no longer poisoned.
The goblin hits you with a +0 club.
You die...

...........# #...#......##
#...#........
#...#........
##############...#........
#.....................>...
##.#######................
#.# #g###...#......# #.# #
# #@# #####......# #.#
#.#.#.# #......## #.#
.....#######.###.... #.#
#.##............... #.#
#..'...............
##.########...............
#.........................
#######.....#######.......
#................###


You could see a goblin.

Vanquished Creatures
  2 adders (D:3)
  A bat (D:3)
3 creatures vanquished.

Notes
Turn   | Place    | Note
-------+----------+-------------------------------------------
     0 | D:5      | drugrobin the Demigod Delver began the quest for the Orb.
     0 | D:5      | Reached XP level 1. HP: 18/18 MP: 3/3
    10 | D:5      | Noticed a black bear
    26 | D:4      | Noticed Duvessa
    26 | D:4      | Noticed Dowan
   147 | D:3      | Reached XP level 2. HP: 16/25 MP: 4/4
   176 | D:3      | Slain by a goblin

Illustrated notes

Levels and vault maps discovered:
D:3:      layout_basic, okawaru_gym_becter, serial_shops,
          nicolae_shop_advertising_works [nicolae_subvault_shop_adworks],
          uniq_grinder, uniq_robin, uniq_natasha, uniq_ijyb
D:4:      layout_basic, minmay_fractal_squares_diagonal_5, uniq_duvessa
D:5:      layout_layer_cave, nicolae_hexahallways, uniq_edmund

Skill      XL: |  1 |
---------------+----+-----
Short Blades   | 2 |  2.1
Dodging        | 2 |  2.1
Fighting       | |  2.9
Stealth        | |  4.7

Action                   || total
-------------------------++-------
Melee: Short sword       ||    27
  Use: Scroll            ||     1
       Potion            ||     1
Armor: Leather armour    ||     9
Dodge: Dodged            ||    24

Table legend: (Time is in decaauts)
 A = Elapsed time spent in this place.
 B = Non-inter-level travel time spent in this place.
 C = Inter-level travel time spent in this place.
 D = Time resting spent in this place.
 E = Time spent auto-exploring this place.
 F = Levels seen in this place.
 G = Mean time per level.
                   A        B        C        D        E       F      G
               +--------+--------+--------+--------+--------+-----+--------+
         Total |    175 |    175 |      0 |      0 |     10 |   3 |   58.3 |
       Dungeon |    175 |    175 |      0 |      0 |     10 |   3 |   58.3 |
               +--------+--------+--------+--------+--------+-----+--------+

Top non-repeatable levels by time:
     D:3: 144 daAuts
     D:5: 26 daAuts
     D:4: 4 daAuts
